 Dungeon Crawl Stone Soup version 0.30.1-4-g462c640d31 (webtiles) character file.

Game seed: 11879912924970700885

1166 kingsuperguy the Cudgeller (level 9, 0/64 (74) HPs)
             Began as a Meteoran Fighter on Aug 29, 2023.
             Was a Believer of Sif Muna.
             Slain by a wight
             ... wielding a +2 halberd
              (4 damage)
             ... on level 7 of the Dungeon.
             The game lasted 00:13:59 (2012 turns).

kingsuperguy the Cudgeller (Meteoran Fighter)       Turns: 2012, Time: 00:14:00

HP:   0/64 (74)     AC: 12    Str: 23    XL:     9   Next: 0%
MP:   13/13         EV: 10    Int:  9    God:    Sif Muna [**....]
Gold: 205           SH:  5    Dex: 14    Spells: 16/17 levels left

rFire   . . .        a - +2 flail
rCold   . . .        c - +0 buckler
rNeg    . . .        b - +0 scale mail
rPois   .            y - +0 helmet {SInv}
rElec   .            (no cloak)
rCorr   .            (no gloves)
SInv    +            (no boots)
Will    +....        j - amulet of regeneration Stlth
                     u - +4 ring of protection
HPRegen 1.10/turn    (no ring)
MPRegen 0.13/turn

%: no passive effects
@: glowing, heavily drained
A: sense surroundings 2, otherworldly, glowing, explore regen, low MP 2
a: Renounce Religion, Channel Magic


You were on level 7 of the Dungeon.
You worshipped Sif Muna.
Sif Muna was pleased with you.
You visited 1 branch of the dungeon, and saw 7 of its levels.

You collected 205 gold pieces.

Inventory:

Hand Weapons
 a - a +2 flail (weapon)
Missiles
 e - 6 boomerangs of dispersal (quivered)
Armour
 b - a +0 scale mail (worn)
 c - a +0 buckler (worn)
 s - a +0 helmet
 y - a +0 helmet of see invisible (worn)
Magical Staves
 t - a staff of cold
Jewellery
 j - an amulet of regeneration (around neck)
 u - a +4 ring of protection (left hand)
Scrolls
 f - a scroll of amnesia {unknown}
 g - a scroll of vulnerability
 k - a scroll of magic mapping
 m - 2 scrolls of identify
 o - 2 scrolls of fear
 p - a scroll of enchant weapon
 q - a scroll of poison {unknown}
 v - a scroll of brand weapon {unknown}
Potions
 d - a potion of haste {unknown}
 i - a potion of cancellation {unknown}
 x - a potion of ambrosia {unknown}
 z - a potion of flight


   Skills:
 + Level 5.5 Fighting
 + Level 7.8 Maces & Flails
 + Level 5.9 Armour
 + Level 2.6 Dodging
 + Level 4.9 Shields
 * Level 4.6 Spellcasting


You had 16 spell levels left.
You knew the following spells:

 Your Spells              Type           Power      Damage    Failure   Level
a - Sting                 Tmut/Pois      8%         1d3       58%         1

Your spell library contained the following spells:

 Spells                   Type           Power      Damage    Failure   Level
 Poisonous Vapours        Pois/Air       4%         N/A       73%         2
 Dazzling Flash           Conj/Hex       4%         N/A       91%         3
 Summon Guardian Golem    Hex/Summ       2%         N/A       91%         3
 Olgreb's Toxic Radiance  Pois           2%         N/A       100%        4
 Agony                    Necr           2%         N/A       100%        5
 Silence                  Hex/Air        1%         N/A       100%        5
 Orb of Destruction       Conj           1%         9d5       100%        7
 Spellforged Servitor     Conj/Summ      1%         N/A       100%        7


Dungeon Overview and Level Annotations

Branches:
Dungeon (7/15) Zot: 2117
 Temple: D:4-7

Altars:
Cheibriados
Gozag
Hepliaklqana
Makhleb
Okawaru
Ru
Sif Muna
Trog
The Shining One

Annotations:
D:6 1 runed translucent door, Crazy Yiuf


Innate Abilities, Weirdness & Mutations

You passively map the area around you.
You are easily found by Zot.
You glow in the dark.
You regain HP and MP as you explore.
Your magical capacity is very low. (-20% MP)


Message History

You closely miss the wight.
The wight is heavily damaged.
The wight hits you with a +0 halberd!
You feel drained. The wight hits you with a +2 halberd!
You feel drained.
You completely miss the wight.
The wight is heavily damaged.
The wight hits you with a +0 halberd.
You feel drained. The wight hits you but does no damage.
Okay, then.
Okay, then.
You hit the wight.
The wight is severely damaged.
The wight hits you with a +0 halberd!
* * * LOW HITPOINT WARNING * * *
The wight hits you with a +2 halberd!
* * * LOW HITPOINT WARNING * * *
You feel better. The wight hits you but does no damage.
The wight hits you with a +2 halberd.
* * * LOW HITPOINT WARNING * * *
You feel drained.
You can't see any enemies this would affect, really read the scroll of fear?
Okay, then.
Okay, then.
Okay, then.
Unknown command.
As you read the scroll labelled IRIN VI YMO, it crumbles to dust.
You hear a loud clanging noise!
It was a scroll of noise.
You hear a shout! x2
The wight misses you. The wight hits you with a +2 halberd.
* * * LOW HITPOINT WARNING * * *
As you read the scroll labelled VODA FIWUIFIBYA, it crumbles to dust.
Your body is wracked with pain!
* * * LOW HITPOINT WARNING * * *
It was a scroll of torment.
The wight hits you with a +0 halberd.
* * * LOW HITPOINT WARNING * * *
You feel drained.
* * * LOW HITPOINT WARNING * * *
The wight hits you with a +2 halberd.
You die...

* , , , , * **
*#.####. #### * *
.......,, ...# *, ,
......z * #..# ,
,.....z.* #..# * * *
....... #..# *
....... #..# *
......$#####.>#
,.........z@...#####
......###z##......#
..... * #.##.####.#
###. *###.##.# , *,
# #......# *
#.###.#.##.# *, *
#..........# *
#####.#.#### , *
#.#.#


You could see 2 wights.

Vanquished Creatures
  A steam dragon (D:6)
  Menkaure (D:6)
  A black bear (D:7)
  An ogre (D:7)
  A phantom (D:6)
  A bullfrog (D:7)
  A scorpion (D:7)
  A wight (D:7)
  A jelly (D:7)
  A gnoll bouda (D:5)
  6 hounds
  2 iguanas
  8 gnolls
  4 adders
  A shadow imp (D:7)
  2 worms
  2 dart slugs
  2 orcs (D:4)
  4 ball pythons
  5 endoplasms
  3 giant cockroaches
  5 goblins
  7 hobgoblins
  4 quokkas
  2 bats
  3 frilled lizards
  9 kobolds
  7 rats
86 creatures vanquished.

Notes
Turn   | Place    | Note
-------+----------+-------------------------------------------
     0 | D:1      | kingsuperguy the Meteoran Fighter began the quest for the
                  | Orb.
     0 | D:1      | Reached XP level 1. HP: 19/19 MP: 2/2
    66 | D:1      | Reached XP level 2. HP: 26/26 MP: 3/3
   233 | D:1      | Reached XP level 3. HP: 33/33 MP: 4/4
   366 | D:2      | Reached skill level 3 in Maces & Flails
   387 | D:2      | Found a faded altar of an unknown god.
   488 | D:2      | Prayed at the altar of an unknown god.
   488 | D:2      | Became a worshipper of Sif Muna the Loreminder
   488 | D:2      | Reached * piety under Sif Muna
   491 | D:2      | Learned a level 1 spell: Sting
   638 | D:2      | Reached XP level 4. HP: 40/40 MP: 5/5
   791 | D:3      | Found a burning altar of Makhleb.
   803 | D:3      | Reached skill level 1 in Spellcasting
   816 | D:4      | Reached XP level 5. HP: 46/46 MP: 7/7
   844 | D:4      | Found a snail-covered altar of Cheibriados.
   857 | D:4      | Reached skill level 4 in Maces & Flails
   857 | D:4      | Reached skill level 1 in Dodging
   904 | D:4      | Found a glowing golden altar of the Shining One.
   920 | D:4      | Found an opulent altar of Gozag.
   994 | D:4      | Found a sacrificial altar of Ru.
  1021 | D:4      | Gained mutation: You expend magic power (3 MP) to
                  | strengthen your wands. [potion of mutation]
  1021 | D:4      | Gained mutation: You are clumsy. (Dex -2) [potion of
                  | mutation]
  1022 | D:4      | Lost mutation: You are clumsy. (Dex -2) [potion of
                  | mutation]
  1022 | D:4      | Lost mutation: You expend magic power (3 MP) to strengthen
                  | your wands. [potion of mutation]
  1022 | D:4      | Gained mutation: Your magical capacity is low. (-10% MP)
                  | [potion of mutation]
  1022 | D:4      | Gained mutation: Your magical capacity is very low. (-20%
                  | MP) [potion of mutation]
  1023 | D:4      | Found a hazy altar of Hepliaklqana.
  1045 | D:4      | Reached XP level 6. HP: 53/53 MP: 8/8
  1107 | D:4      | Reached ** piety under Sif Muna
  1300 | D:5      | Entered Level 5 of the Dungeon
  1358 | D:5      | Reached skill level 5 in Maces & Flails
  1364 | D:5      | Noticed a centaur
  1416 | D:6      | Noticed Menkaure
  1423 | D:6      | Reached XP level 7. HP: 60/60 MP: 9/9
  1428 | D:6      | Killed Menkaure
  1449 | D:6      | Found a runed translucent door.
  1450 | D:6      | Noticed Crazy Yiuf
  1523 | D:6      | Reached skill level 6 in Maces & Flails
  1523 | D:6      | Reached skill level 5 in Armour
  1565 | D:6      | Noticed a steam dragon
  1574 | D:6      | Killed a steam dragon
  1575 | D:6      | Reached XP level 8. HP: 44/67 MP: 10/11
  1609 | D:6      | Reached skill level 5 in Fighting
  1702 | D:6      | Noticed a moth of wrath
  1781 | D:7      | Found an iron altar of Okawaru.
  1838 | D:7      | Reached skill level 7 in Maces & Flails
  1857 | D:7      | Noticed a manticore
  1928 | D:6      | Found a bloodstained altar of Trog.
  2005 | D:7      | Gained mutation: You passively map the area around you.
                  | [Meteoran growth]
  2005 | D:7      | Reached XP level 9. HP: 59/74 MP: 13/13
  2012 | D:7      | Slain by a wight

Illustrated notes

Levels and vault maps discovered:
D:1:      ldierk_walled_garden_2, layout_basic, chequers_serial_rivers_small_b
D:2:      layout_rooms, hellmonk_ecumenical_altar_lost_god
D:3:      layout_basic, demons_altar
D:4:      layout_cave_pools, mainiacjoe_overflow_six_doors_small,
          mainiacjoe_overflow_chevrons, nicolae_ru_sacrificial_ziggurat,
          kennysheep_orc_sif_temple, mainiacjoe_overflow_cross_hatched,
          lemuel_crystal_altar, mrwooster_statue_mirror, item_on_display_a
D:5:      layout_loops_corners, elyvilon_altar_1, tgw_fedhas,
          grunt_dithmenos_shadows
D:6:      layout_loops_cross, vehumet_statue, tgw_trog, uniq_crazy_yiuf_cottage,
          uniq_menkaure
D:7:      layout_loops_ring, okawaru_ov_weapons_minmay,
          minmay_temple_entry_poolview, gammafunk_ghost_berserking_beasts,
          minmay_manual_monolith, uniq_duvessa

Skill      XL: |  1  2  3  4  5  6  7  8 |
---------------+-------------------------+-----
Maces & Flails | 3 4 5 6 7 |  7.8
Fighting       | 4 5 |  5.5
Armour         | 4 5 |  5.9
Shields        | 4 |  4.9
Spellcasting   | 1 2 3 4 |  4.6
Dodging        | 1 2 |  2.6

Action                     |  1- 3 |  4- 6 |  7- 9 || total
---------------------------+-------+-------+-------++-------
  Melee: Flail             |    95 |   149 |   115 ||   359
    Use: Scroll            |       |     4 |     7 ||    11
         Potion            |       |     4 |     6 ||    10
 Armour: Scale mail        |    56 |    82 |    80 ||   218
  Dodge: Dodged            |    46 |    67 |    58 ||   171
  Block: Buckler           |    22 |    38 |    27 ||    87
